 Dungeon Crawl Stone Soup version 0.21.0-3-g78d12a8 (webtiles) character file.

97 BonjourVileCrotch the Firebug (level 4, 0/24 HPs)
             Began as a Gargoyle Fire Elementalist on Jan 14, 2018.
             Slain by Sigmund
             ... wielding a +0 scythe of venom
              (12 damage)
             ... on level 3 of the Dungeon.
             The game lasted 00:04:39 (2023 turns).

BonjourVileCrotch the Firebug (GrFE)                Turns: 2023, Time: 00:04:40

Health: 0/24       AC:  5    Str: 11    XL:     4   Next: 68%
Magic:  3/8        EV: 12    Int: 17    God:
Gold:   72         SH:  0    Dex: 10    Spells: 3/8 levels left

rFire    . . .     SeeInvis .   n - +1 dagger (protect)
rCold    . . .     Gourm    .   (no shield)
rNeg     + . .     Faith    .   a - +0 robe
rPois    ∞         Spirit   .   (no helmet)
rElec    +         Reflect  .   (no cloak)
rCorr    .         Harm     .   (no gloves)
MR       .....                  (no boots)
Stlth    ++........             (no amulet)
HPRegen  0.08/turn              (no ring)
MPRegen  0.11/turn              (no ring)

@: no status effects
A: negative energy resistance 1, electricity resistance, unbreathing,
petrification resistance, rot immunity, AC +3
a: no special abilities


You were on level 3 of the Dungeon.
You were not hungry.

You visited 1 branch of the dungeon, and saw 3 of its levels.

You collected 72 gold pieces.

Inventory:

Hand Weapons
 n - a +1 dagger of protection (weapon)
Missiles
 e - 82 stones (quivered)
 k - 8 sling bullets
Armour
 a - a +0 robe (worn)
Jewellery
 m - an uncursed amulet of harm {unknown}
Scrolls
 d - a scroll of enchant weapon {unknown}
 g - a scroll of immolation {unknown}
 h - a scroll of noise {unknown}
 o - a scroll of random uselessness {unknown}
 p - a scroll of amnesia {unknown}
 q - 2 scrolls of identify {unknown}
 r - a scroll of remove curse {unknown}
Potions
 i - 2 potions of curing {unknown}
 j - a potion of lignification {unknown}
 l - a potion of haste {unknown}
Books
 b - a book of Flames

   Spells                             Type                      Level
   a - Flame Tongue                   Conjuration/Fire             1
   b - Throw Flame                    Conjuration/Fire             2
   c - Conjure Flame                  Conjuration/Fire             3
   d - Inner Flame                    Hexes/Fire                   3
   e - Sticky Flame                   Conjuration/Fire             4
   f - Fireball                       Conjuration/Fire             5
Comestibles
 c - 3 rations


   Skills:
 - Level 1.5 Dodging
 - Level 2.1 Stealth
 + Level 2.7 Spellcasting
 * Level 3.4 Conjurations
 + Level 3.6 Fire Magic


You had 3 spell levels left.
You knew the following spells:

 Your Spells              Type           Power        Failure   Level  Hunger
a - Flame Tongue          Conj/Fire      ##...        4%          1    #......
b - Sticky Flame          Conj/Fire      ##......     38%         4    #####..


Dungeon Overview and Level Annotations

Branches:
Dungeon (3/15)

Altars:
Elyvilon
Okawaru

Annotations:
D:3 Sigmund


Innate Abilities, Weirdness & Mutations

You are resistant to torment.
Your stone body is resilient. (AC +3)
You are immune to poison.
You resist negative energy. (rN+)
You are resistant to electric shocks. (rElec)
You can survive without breathing.
You are immune to petrification.
You are immune to rotting.


Message History

Ouch! That really hurt!
Casting: Flame Tongue
Confirm with . or Enter, or press ? or * to list all spells.
Aiming: Sticky Flame
Press: ? - help, Shift-Dir - straight line, f - Sigmund
Aim: Sigmund, wielding a scythe of venom and wearing a robe The sticky flame hits Sigmund.
Sigmund is lightly wounded.
Sigmund is covered in liquid flames!
Sigmund burns!
Sigmund closely misses you.
Casting: Sticky Flame
Confirm with . or Enter, or press ? or * to list all spells.
Aiming: Flame Tongue
Press: ? - help, Shift-Dir - straight line, f/p - Sigmund
Aim: Sigmund, wielding a scythe of venom and wearing a robe (moderately wounded, covered in liquid flames)
The flame tongue hits Sigmund.
Sigmund is heavily wounded.
Sigmund burns!
Sigmund hits you with a scythe of venom!
Ouch! That really hurt!
You die...

#.. #.### ##.#.
#... #..# #..#
# #<.#
###.#####.#
........@.#
.#....@..#
#.........#
............#
#.#.#.#.#.....#
... ...........
⌠.
.?.⌠......... .
._............
.....⌠........


You could see Sigmund (burning).

Vanquished Creatures
  Terence (D:2)
  An adder (D:2)
  An ooze (D:1)
  3 dart slugs
  2 leopard geckos
  6 bats
  3 giant cockroaches
  5 hobgoblins
  4 jackals (D:1)
  5 kobolds
  6 frilled lizards
  8 goblins
  3 rats (D:1)
48 creatures vanquished.

Notes
Turn   | Place    | Note
-------+----------+-------------------------------------------
     0 | D:1      | BonjourVileCrotch the Gargoyle Fire Elementalist began the quest for the Orb.
     0 | D:1      | Reached XP level 1. HP: 10/10 MP: 3/3
   393 | D:1      | Reached XP level 2. HP: 15/15 MP: 5/5
   610 | D:1      | Reached XP level 3. HP: 19/19 MP: 6/6
  1324 | D:2      | Noticed Terence
  1337 | D:2      | Killed Terence
  1337 | D:2      | Reached XP level 4. HP: 13/24 MP: 1/7
  1678 | D:2      | Found an iron altar of Okawaru.
  1897 | D:3      | Noticed Sigmund
  1898 | D:3      | Found a white marble altar of Elyvilon.
  2018 | D:2      | Learned a level 4 spell: Sticky Flame
  2023 | D:3      | Slain by Sigmund

Skill      XL: |  1  2  3 |
---------------+----------+-----
Conjurations   | 2 3 |  3.4
Dodging        | |  1.5
Stealth        | |  2.1
Spellcasting   | |  2.7
Fire Magic     | |  3.6

Action                   |  1- 3 |  4- 6 || total
-------------------------+-------+-------++-------
Melee: Dagger            |    21 |    22 ||    43
       Short sword       |    80 |       ||    80
 Cast: Flame Tongue      |    30 |    15 ||    45
       Sticky Flame      |       |     1 ||     1
 Stab: Sleeping          |     2 |     1 ||     3
  Eat: Chunk             |     2 |     2 ||     4
Armor: Robe              |    48 |     8 ||    56
Dodge: Dodged            |    60 |    21 ||    81
